 Dungeon Sprint DCSS version bcrawl-1.13.5 (webtiles) character file.

Game seed: 15305379974575531223

14600000 Groucho the Spellbinder (level 27, -123/249 HPs)
             Began as a Demonspawn Enchanter on Aug 22, 2019.
             Was the Champion of Makhleb.
             Annihilated by a fleshlord
             ... wielding a +9 great mace
              (133 damage)
             ... in the Dungeon (Sprint VIII: "Arena of Blood").
             The game lasted 00:04:27 (146 turns).

Groucho the Spellbinder (Demonspawn Enchanter)       Turns: 146, Time: 00:04:27

Health: -123/249   AC:  8    Str:  9    XL:     27
Magic:  47/54      EV: 38    Int: 17    God:    Makhleb [******]
Gold:   0          SH:  0    Dex: 26    Spells: 79/80 levels left

rFire    + . .     SeeInvis .   c - +∞ Axe of Woe
rCold    . . .     Gourm    .   (shield currently unavailable)
rNeg     . . .     Faith    .   b - +0 robe
rPois    .         Spirit   .   (no helmet)
rElec    .         Reflect  .   (no cloak)
rCorr    +         Harm     .   (no gloves)
MR       ++...     NoTele   +   (boots unavailable)
Stlth    ++++++++++             (no amulet)
HPRegen  0.51/turn              (no ring)
MPRegen  0.34/turn              (no ring)

@: slowed, very slow
A: talons 3, yellow scales 3, fire resistance 1, hurl damnation, foul stench 2,
nightstalker 3, rot immunity, flame cloud immunity
a: Hurl Damnation, Minor Destruction, Lesser Servant of Makhleb, Major
Destruction, Greater Servant of Makhleb, Renounce Religion


You were in the Dungeon.
You worshipped Makhleb.
Makhleb was exalted by your worship.
You were not hungry.

You visited 1 branch

Inventory:

Hand Weapons
 a - a +1 dagger
 c - the +∞ Axe of Woe (weapon)
   (You found it in the Dungeon)
 q - a +9 glaive of flaming
Armour
 b - a +0 robe (worn)
Jewellery
 l - a +30 ring of slaying
 m - a +250 ring of slaying
 n - a +30 ring of slaying
 o - a +30 ring of slaying
 p - a +30 ring of slaying
 r - a +130 ring of slaying
Scrolls
 d - a scroll of fog
 k - a scroll of blinking
Potions
 e - a potion of curing
 g - a potion of heal wounds
 h - a potion of haste
 i - 2 potions of magic
 j - a potion of berserk rage
Comestibles
 f - a ration {!d}


   Skills:
 O Level 27 Fighting
 O Level 27 Short Blades
 O Level 27 Axes
 O Level 27 Polearms
 O Level 27 Throwing
 O Level 27 Armour
 O Level 27 Dodging
 O Level 27 Stealth
 O Level 27 Unarmed Combat
 O Level 27 Spellcasting
 O Level 27 Hexes
 O Level 27 Invocations


You had 79 spell levels left.
You knew the following spells:

 Your Spells              Type           Power        Failure   Level  Hunger
a - Corona                Hex            #######      0%          1    None

Your spell library contained the following spells:

 Spells                   Type           Power        Failure   Level  Hunger
 Ensorcelled Hibernation  Hex/Ice        ######       0%          2    None
 Confuse                  Hex            #######.     0%          3    None
 Tukima's Dance           Hex            #######.     0%          3    None
 Dazzling Spray           Conj/Hex       ######       1%          3    None


Dungeon Overview and Level Annotations

Branches:
Dungeon (1/1)

Altars:
Makhleb


Innate Abilities, Weirdness & Mutations

You have claws for feet.
You are completely covered in yellow scales. (AC +4, rCorr)
Your flesh is heat resistant. (rF+)
You can hurl damnation.
You frequently emit foul miasma when damaged in melee.
You are completely attuned to the shadows.
You are immune to rotting.
You are immune to clouds of flame.


Message History

The accursed gestures at you while chanting.
Something smites you!
* * * LOW HITPOINT WARNING * * *
You hear a shout! x2; You hear a roar!
You hear a shout!
You hear a roar!
Items here: ))))) ===== ††† Unknown command.
Unknown command.
You hear an angry hiss.
You hear a shout! x2; You hear two shouts!
You hear a shout! x12
The bag of meat hits you with a +9 war axe!
* * * LOW HITPOINT WARNING * * *
The bag of meat looks sick.
You hear a shout!
The bag of meat is engulfed in blazing flames.
You hear a shout!
The fleshlord is engulfed in dark miasma.
The fleshlord is poisoned.
The fleshlord hits you with a +9 great mace!!!!
Ouch! That really hurt!
You die...

.L.X.o...
#Xo.M...#
#o%X....# .
.###oW☼oO..###..
...§op###......
..oD@)_))....
.o.#p))))#...
.M.#_)<%_# . ..
#.))))#
..o..._))).....
......###.......
.###.. ...###..
#.. ...# . #.
....#


You could see 2 accurseds, a tentacled monstrosity, an eight-headed meat hydra,
2 fleshlords, a large abomination, a dread and 6 bags of meat.

Vanquished Creatures
  2 hell knights (D)
  7 hell beasts (D)
  5 greater mummies (D)
  4 great orbs of eyes (D)
  3 wraiths (D)
  Harold (D)
  9 vampire knights (D)
  30 ogres (D)
  5 two-headed ogres (D)
  2 liches (D)
  5 hydras (D)
  34 orcs (D)
  3 phantoms (D)
  2 skeletal warriors (D)
  3 sea snakes (D)
  3 small abominations (D)
  3 large abominations (D)
  3 crawling corpses (D)
124 creatures vanquished.

Vanquished Creatures (others)
  A crawling corpse (D)
1 creature vanquished.

Grand Total: 125 creatures vanquished

Notes
Turn   | Place    | Note
-------+----------+-------------------------------------------
     0 | D        | Found the +∞ Axe of Woe
     0 | D        | Groucho the Demonspawn Enchanter began the quest for the
                  | Orb.
     0 | D        | Reached XP level 1. HP: 13/13 MP: 3/3
     1 | D        | Noticed a bag of meat
     1 | D        | Noticed a bag of meat
     3 | D        | Became a worshipper of Makhleb the Destroyer
     3 | D        | Noticed a meat berserker
     3 | D        | Noticed a bag of meat
     5 | D        | Noticed a bag of meat
     6 | D        | Killed a meat berserker
     6 | D        | Reached skill level 5 in Axes
     6 | D        | Reached skill level 10 in Dodging
     6 | D        | Gained mutation: You have sharp toenails. [demonic
                  | ancestry]
     6 | D        | Reached XP level 2. HP: 19/19 MP: 3/14
     6 | D        | Reached XP level 3. HP: 24/24 MP: 3/16
     6 | D        | Gained mutation: You are partially covered in yellow
                  | scales. (AC +2) [demonic ancestry]
     6 | D        | Reached XP level 4. HP: 30/30 MP: 3/17
     6 | D        | Reached XP level 5. HP: 35/35 MP: 3/19
     6 | D        | Gained mutation: You are slightly more attuned to the
                  | shadows. [demonic ancestry]
     6 | D        | Reached XP level 6. HP: 41/41 MP: 3/20
     6 | D        | Gained mutation: You have razor-sharp toenails. [demonic
                  | ancestry]
     6 | D        | Reached XP level 7. HP: 46/46 MP: 3/22
     6 | D        | Reached XP level 8. HP: 52/52 MP: 3/23
     6 | D        | Reached XP level 9. HP: 57/57 MP: 3/24
     6 | D        | Reached XP level 10. HP: 63/63 MP: 3/25
     6 | D        | Reached XP level 11. HP: 68/68 MP: 3/26
     6 | D        | Gained mutation: Your flesh is heat resistant. (rF+)
                  | [demonic ancestry]
     6 | D        | Reached XP level 12. HP: 74/74 MP: 3/27
     6 | D        | Gained mutation: You have claws for feet. [demonic
                  | ancestry]
     6 | D        | Reached XP level 13. HP: 79/79 MP: 3/28
     6 | D        | Noticed a bag of meat
     8 | D        | Noticed a bag of meat
     9 | D        | Noticed a meat berserker
    10 | D        | Killed a bag of meat
    10 | D        | Reached * piety under Makhleb
    10 | D        | Killed a bag of meat
    10 | D        | Reached skill level 15 in Spellcasting
    10 | D        | Gained mutation: You are immune to rotting. [demonic
                  | ancestry]
    10 | D        | Reached XP level 14. HP: 85/85 MP: 3/33
    10 | D        | Killed a bag of meat
    10 | D        | Reached skill level 15 in Dodging
    10 | D        | Noticed a bag of meat
    10 | D        | HP: 3/85 [bag of meat/+9 war axe (37)]
    11 | D        | Killed a meat berserker
    11 | D        | Reached ** piety under Makhleb
    11 | D        | Gained mutation: You are mostly covered in yellow scales.
                  | (AC +3) [demonic ancestry]
    11 | D        | Reached XP level 15. HP: 3/90 MP: 4/37
    11 | D        | Noticed a meat berserker
    12 | D        | Reached XP level 16. HP: 4/96 MP: 4/40
    14 | D        | Noticed a meat berserker
    14 | D        | Noticed a meat berserker
    15 | D        | Killed a meat berserker
    15 | D        | Reached *** piety under Makhleb
    15 | D        | Reached skill level 27 in Stealth
    15 | D        | Reached skill level 27 in Hexes
    15 | D        | Gained mutation: You are significantly more attuned to the
                  | shadows. [demonic ancestry]
    15 | D        | Reached XP level 17. HP: 101/101 MP: 5/43
    17 | D        | Killed a meat berserker
    17 | D        | Reached **** piety under Makhleb
    17 | D        | Noticed a meat berserker
    18 | D        | Killed a meat berserker
    18 | D        | Reached skill level 27 in Dodging
    18 | D        | Reached skill level 27 in Spellcasting
    18 | D        | Gained mutation: You are immune to clouds of flame.
                  | [demonic ancestry]
    18 | D        | Reached XP level 18. HP: 99/130 MP: 7/49
    18 | D        | Reached ***** piety under Makhleb
    18 | D        | Reached skill level 15 in Axes
    18 | D        | Noticed a destroyer
    19 | D        | Killed a meat berserker
    19 | D        | Reached XP level 19. HP: 170/170 MP: 7/50
    19 | D        | Killed a destroyer
    22 | D        | Reached skill level 27 in Fighting
    22 | D        | Reached XP level 20. HP: 197/197 MP: 8/51
    22 | D        | Noticed a large bag of meat
    27 | D        | Noticed a meat berserker
    28 | D        | Noticed a meat berserker
    28 | D        | Noticed a meat berserker
    29 | D        | Killed a large bag of meat
    29 | D        | Reached skill level 27 in Axes
    29 | D        | Reached skill level 15 in Short Blades
    29 | D        | Noticed a destroyer
    31 | D        | Killed a meat berserker
    32 | D        | Killed a meat berserker
    32 | D        | Gained mutation: You are completely covered in yellow
                  | scales. (AC +4, rCorr) [demonic ancestry]
    32 | D        | Reached XP level 21. HP: 204/204 MP: 11/52
    33 | D        | Reached skill level 27 in Invocations
    33 | D        | Killed a destroyer
    33 | D        | Reached ****** piety under Makhleb
    33 | D        | Reached skill level 27 in Armour
    34 | D        | Noticed a destroyer
    35 | D        | Gained mutation: You may emit foul miasma when damaged in
                  | melee. [demonic ancestry]
    35 | D        | Reached XP level 22. HP: 212/212 MP: 12/53
    37 | D        | Killed a destroyer
    38 | D        | Reached XP level 23. HP: 219/219 MP: 13/54
    40 | D        | Reached skill level 27 in Throwing
    40 | D        | Reached skill level 27 in Unarmed Combat
    45 | D        | Noticed a destroyer
    51 | D        | Killed a destroyer
    51 | D        | Reached skill level 27 in Short Blades
    52 | D        | Reached XP level 24. HP: 227/227 MP: 17/54
    60 | D        | Noticed a dread
    60 | D        | Noticed an accursed
    65 | D        | Noticed a dread
    65 | D        | Killed a dread
    67 | D        | Gained mutation: You frequently emit foul miasma when
                  | damaged in melee. [demonic ancestry]
    67 | D        | Reached XP level 25. HP: 196/234 MP: 22/54
    69 | D        | Killed an accursed
    71 | D        | Noticed a meat beast
    74 | D        | Killed a meat beast
    74 | D        | Gained mutation: You are completely attuned to the shadows.
                  | [demonic ancestry]
    74 | D        | Reached XP level 26. HP: 128/242 MP: 24/54
    74 | D        | Killed a dread
    76 | D        | Gained mutation: You can hurl damnation. [demonic ancestry]
    76 | D        | Reached XP level 27. HP: 249/249 MP: 24/54
    76 | D        | Noticed an accursed
    84 | D        | Killed an accursed
    91 | D        | Noticed a tyrant
    91 | D        | Noticed an accursed
    93 | D        | Noticed a destroyer
    94 | D        | Noticed a destroyer
    95 | D        | Killed an accursed
    96 | D        | Noticed a large bag of meat
    98 | D        | Killed a tyrant
    99 | D        | Killed a destroyer
   100 | D        | Killed a destroyer
   101 | D        | Killed a large bag of meat
   101 | D        | Noticed an accursed
   101 | D        | Noticed a meat beast
   102 | D        | Noticed a meat beast
   104 | D        | Killed a meat beast
   105 | D        | Noticed a large bag of meat
   106 | D        | Killed a meat beast
   110 | D        | Killed a large bag of meat
   110 | D        | Noticed a meat beast
   111 | D        | Killed an accursed
   112 | D        | Killed a meat beast
   115 | D        | Noticed a dread
   117 | D        | Noticed a fleshlord
   122 | D        | Killed a fleshlord
   122 | D        | Killed a dread
   122 | D        | Noticed a destroyer
   124 | D        | Noticed a fleshlord
   124 | D        | Noticed a large bag of meat
   125 | D        | Killed a destroyer
   126 | D        | Killed a large bag of meat
   126 | D        | Noticed The Servant
   129 | D        | Killed a fleshlord
   129 | D        | Noticed a meat beast
   130 | D        | HP: 1/249 [meat berserker/+9 battleaxe (58)]
   131 | D        | Killed The Servant
   131 | D        | Killed a meat beast
   131 | D        | Noticed an accursed
   132 | D        | Noticed a destroyer
   132 | D        | Noticed a meat beast
   133 | D        | Noticed a large bag of meat
   134 | D        | Noticed a destroyer
   134 | D        | Killed a destroyer
   134 | D        | Killed a meat beast
   135 | D        | Noticed an accursed
   135 | D        | Noticed a tyrant
   137 | D        | Killed a destroyer
   139 | D        | Killed a tyrant
   139 | D        | Reached skill level 27 in Polearms
   140 | D        | Noticed a meat beast
   141 | D        | Noticed a dread
   141 | D        | Killed a large bag of meat
   141 | D        | Killed an accursed
   141 | D        | Noticed a fleshlord
   141 | D        | Noticed a fleshlord
   142 | D        | Killed a meat beast
   144 | D        | Noticed an accursed
   145 | D        | Noticed a tyrant
   146 | D        | HP: 10/249 [bag of meat/+9 war axe (11)]
   146 | D        | Annihilated by a fleshlord

Skill      XL: |  1  2  3  4  5  6  7  8  9 10 11 12 13 14 15 16 17 18 19 20 21 22 23 24 25 26 27 |
---------------+----------------------------------------------------------------------------------+-----
Short Blades   | 4 15 27 | 27.0
Axes           | 5 9 19 25 27 | 27.0
Dodging        | 10 14 17 19 21 27 | 27.0
Stealth        | 19 21 23 25 27 | 27.0
Spellcasting   | 11 15 18 20 22 27 | 27.0
Hexes          | 19 21 23 25 27 | 27.0
Fighting       | 8 20 27 | 27.0
Armour         | 18 27 | 27.0
Invocations    | 23 27 | 27.0
Throwing       | 11 25 27 | 27.0
Unarmed Combat | 11 25 27 | 27.0
Polearms       | 27 | 27.0

Action                   |  1- 3 |  4- 6 |  7- 9 | 10-12 | 13-15 | 16-18 | 19-21 | 22-24 | 25-27 || total
-------------------------+-------+-------+-------+-------+-------+-------+-------+-------+-------++-------
Melee: Executioner's axe |     1 |       |       |       |     3 |     5 |     6 |    13 |    47 ||    75
Armor: Robe              |       |       |       |       |       |       |       |     1 |     5 ||     6
Dodge: Dodged            |       |       |       |       |       |     1 |       |     2 |    19 ||    22
